 Dungeon Crawl Stone Soup version 0.19.1-1-g22dce08 (webtiles) character file.

269 M4edhros the Poker (level 6, -4/42 HPs)
             Began as an Octopode Chaos Knight on Dec 28, 2016.
             Slain by a hell rat (8 damage)
             ... on level 4 of the Dungeon.
             The game lasted 00:05:20 (2759 turns).

M4edhros the Poker (Octopode Chaos Knight)          Turns: 2759, Time: 00:05:21

Health: -4/42      AC:  1    Str:  8 (11) XL:     6   Next: 22%
Magic:  6/6        EV: 13    Int: 12 (15) God:    Xom [.....*]
Gold:   157        SH:  0    Dex: 11 (13) Spells: 1 memorised, 2 levels left

rFire  . . .     SeeInvis .     a - +0 spear (chaos)
rCold  . . .     Gourm    .     (no shield)
rNeg   . . .     Faith    .     (helmet restricted)
rPois  .         Spirit   .     (no amulet)
rElec  .         Reflect  .     (no ring)
rCorr  .         Harm     .     (no ring)
MR     .....                    (no ring)
Stlth  ++........               (no ring)
                                (no ring)
                                (no ring)
                                (no ring)
                                (no ring)

@: no status effects
A: almost no armour, stealthy swim, amphibious, 8 rings, constrict 8, camouflage
1, gelatinous body 1
a: Renounce Religion


You were on level 4 of the Dungeon.
You worshipped Xom.
You were Xom's teddy bear.
You were not hungry.

You visited 1 branch of the dungeon, and saw 4 of its levels.

You collected 157 gold pieces.

Inventory:

Hand Weapons
 a - a +0 spear of chaos (weapon)
 y - a +0 trident of venom
Missiles
 p - 37 sling bullets
Armour
 f - a +0 large shield
Wands
 o - a wand of acid (10/15)
 x - a wand of flame (31/48)
 A - a wand of lightning (0/15)
Scrolls
 d - 2 scrolls of enchant armour {unknown}
 e - a scroll of recharging {unknown}
 g - 4 scrolls of identify {unknown}
 i - a scroll of noise {unknown}
 j - a scroll of amnesia {unknown}
 l - 2 scrolls of enchant weapon {unknown}
 m - 3 scrolls of remove curse {unknown}
 n - a scroll of fog {unknown}
 q - 2 scrolls of teleportation {unknown}
 v - a scroll of immolation {unknown}
Potions
 r - a potion of ambrosia
 t - a potion of heal wounds {unknown}
 w - a potion of might {unknown}
 z - a potion of haste {unknown}
Books
 h - Xom's Grimoire of Calamity
   (Xom gifted it to you on level 3 of the Dungeon)

   Spells                             Type                      Level
   a - Regeneration                   Charms/Necromancy            3
   b - Ignite Poison                  Fire/Transmutation/Poison    3
   c - Vampiric Draining              Necromancy                   3
   d - Cigotuvi's Embrace             Necromancy                   5
   e - Death Channel                  Necromancy                   6
Comestibles
 b - 3 bread rations
 u - a meat ration


   Skills:
 - Level 3.0 Fighting
 + Level 4.8 Polearms
 - Level 2.3 Dodging
 * Level 4.4 Shields


You had 2 spell levels left.
You knew the following spells:

 Your Spells              Type           Power        Failure   Level  Hunger
a - Regeneration          Chrm/Necr      #.........   88%         3    ####...


Dungeon Overview and Level Annotations

Branches:
Dungeon (4/15)
 Temple: D:4-7

Altars:
Dithmenos
Qazlal
Vehumet
Zin


Innate Abilities, Weirdness & Mutations

You cannot wear most types of armour.
You are very stealthy in the water. (Stealth+)
You are amphibious.
You can wear up to eight rings at the same time.
You can use your tentacles to constrict eight enemies at once.
Your skin changes colour to match your surroundings (Stealth+).
Your rubbery body absorbs attacks. (AC +1, EV +1)


Message History

You hear an angry hiss.
You hear a shout!
The hell rat closely misses you. x2
Unknown command.
Evoke which item? (* to show all) (? for menu, Esc to quit)
Zapping:
A - a wand of lightning {zapped: 3} {god gift} (will waste charges)
Press: ? - help, Shift-Dir - straight line You hear a mighty clap of thunder!
The bolt of lightning hits the hell rat.
The hell rat is moderately wounded.
Evoking this partially-identified wand wasted a few charges.
You constrict the hell rat, but do no damage.
You hear an angry hiss.
The hell rat closely misses you.
Unknown command.
Evoke which item? (* to show all) (? for menu, Esc to quit)
Zapping:
A - a wand of lightning {zapped: 5} {god gift} (will waste charges)
Press: ? - help, Shift-Dir - straight line Nothing appears to happen.
You constrict the hell rat. The hell rat bites you!
You die...
Xom cackles wildly!

....................W............
################.###########..###
...........#####.##### ##.#
##########.##.....[..# #...
#...........# ##..# ####........#
..# #..Wl§...# %.# ####r##### ...
#@# #§# #§# #.# #.# #.# #.# #.#


You could see a phantom, an iguana and a hell rat.

Vanquished Creatures
  An orc priest (D:3)
  An orc wizard (D:3)
  Crazy Yiuf (D:2)
  Jessica (D:2)
  Terence (D:3)
  3 gnolls (D:3)
  2 adders (D:3)
  3 worms (D:2)
  3 dart slugs
  4 orcs (D:3)
  2 giant cockroaches
  10 goblins
  6 hobgoblins
  3 jackals (D:2)
  11 kobolds
  3 ball pythons
  6 bats
  4 frilled lizards
  2 rats
  A plant (D:1)
68 creatures vanquished.

Vanquished Creatures (collateral kills)
  A gnoll (D:3)
  A quokka (D:3)
2 creatures vanquished.

Grand Total: 70 creatures vanquished

Notes
Turn   | Place    | Note
-------+----------+-------------------------------------------
     0 | D:1      | M4edhros the Octopode Chaos Knight began the quest for the Orb.
     0 | D:1      | Reached XP level 1. HP: 16/16 MP: 1/1
    89 | D:1      | XOM: butterfly on damage
   213 | D:1      | XOM: potion effect (invisibility)
   595 | D:1      | Reached XP level 2. HP: 21/21 MP: 2/2
   910 | D:1      | XOM: harmless Conj miscast
   977 | D:1      | Reached skill level 1 in Shields
   980 | D:1      | XOM: divination: detect creatures
  1124 | D:2      | Reached XP level 3. HP: 19/26 MP: 3/3
  1323 | D:2      | Found a runed door.
  1327 | D:2      | Noticed Crazy Yiuf
  1335 | D:2      | Killed Crazy Yiuf
  1335 | D:2      | Reached XP level 4. HP: 31/31 MP: 4/4
  1350 | D:2      | XOM: harmless Tloc miscast
  1365 | D:2      | Found a radiant altar of Vehumet.
  1595 | D:2      | Noticed Jessica
  1601 | D:2      | Killed Jessica
  1642 | D:2      | XOM: god gift: 15 sling bullets
  1990 | D:2      | Found a glowing silver altar of Zin.
  1990 | D:2      | Noticed an angel
  2026 | D:3      | Reached XP level 5. HP: 36/36 MP: 5/5
  2027 | D:3      | Found a shadowy altar of Dithmenos.
  2056 | D:3      | Found a stormy altar of Qazlal.
  2078 | D:3      | XOM: 3-stop teleportation journey
  2137 | D:3      | XOM: summons 2 friendly demons
  2275 | D:3      | Identified Xom's Grimoire of Calamity (Xom gifted it to you on level 3 of the Dungeon)
  2275 | D:3      | XOM: god gift: Xom's Grimoire of Calamity
  2281 | D:3      | Learned a level 3 spell: Regeneration
  2315 | D:3      | XOM: swap monsters
  2332 | D:3      | Reached XP level 6. HP: 28/42 MP: 6/6
  2454 | D:3      | Noticed Terence
  2461 | D:3      | Killed Terence
  2643 | D:4      | Noticed a phantom
  2665 | D:4      | XOM: god gift: encrusted glass wand {god gift}
  2674 | D:4      | XOM: destruction
  2702 | D:4      | XOM: noise
  2737 | D:4      | XOM: polymorph worker ant -> hound
  2754 | D:4      | XOM: polymorph hound -> hell rat
  2756 | D:4      | XOM: smoke on damage
  2759 | D:4      | Slain by a hell rat

Skill      XL: |  1  2  3  4  5 |
---------------+----------------+-----
Shields        | 1 2 3 4 |  4.4
Polearms       | 4 |  4.8
Fighting       | |  3.0
Dodging        | |  2.3

Action                   |  1- 3 |  4- 6 || total
-------------------------+-------+-------++-------
Melee: Spear             |    74 |   112 ||   186
       Constrict         |    10 |    22 ||    32
       Tentacles         |    16 |     7 ||    23
Evoke: Wand              |       |     4 ||     4
  Use: Potion            |     2 |     4 ||     6
 Stab: Sleeping          |     6 |     7 ||    13
       Confused          |     1 |     3 ||     4
       Petrified         |       |    11 ||    11
  Eat: Chunk             |     2 |     4 ||     6
Armor: Skin              |       |     4 ||     4
Dodge: Dodged            |    18 |    45 ||    63
